 Dungeon Crawl Stone Soup version 0.19.0 (webtiles) character file.

64 Magifyre the Scratcher (level 3, 15/15 HPs)
             Began as a Felid Transmuter on Nov 10, 2016.
             Quit the game on level 3 of the Dungeon.
             The game lasted 00:09:25 (3994 turns).

Magifyre the Scratcher (Felid Transmuter)           Turns: 3994, Time: 00:09:26

Health: 15/15      AC:  1    Str:  6    XL:     3   Next: 91%
Magic:  7/7        EV: 18    Int: 14    God:
Gold:   67         SH:  0    Dex: 17    Spells: 3 memorised, 0 levels left
                                        Lives:  0   Deaths: 1

rFire  . . .     SeeInvis +       - Unarmed
rCold  + . .     Gourm    .     (armour unavailable)
rNeg   . . .     Faith    .     (shield unavailable)
rPois  .         Spirit   .     (helmet unavailable)
rElec  .         Reflect  .     (cloak unavailable)
rCorr  .         Harm     .     (gloves unavailable)
MR     .....                    (boots unavailable)
Stlth  ++........               (no amulet)
                                (no ring)
                                l - ring of protection from cold

@: quick
A: no armour, no weapons or thrown items, stealth, claws 1, fangs 3, see
invisible, carnivore 3, speed 1, shaggy fur 1, slow metabolism 1, sharp paws
a: no special abilities


You were on level 3 of the Dungeon.
You were not hungry.

You visited 1 branch of the dungeon, and saw 3 of its levels.

You collected 67 gold pieces.

Inventory:

Missiles
 a - 48 arrows
Jewellery
 l - a ring of protection from cold (left paw)
 r - an uncursed ring of poison resistance {unknown}
Scrolls
 e - a scroll of enchant weapon {unknown}
 f - a scroll of fear {unknown}
 g - a scroll of recharging {unknown}
 h - a scroll of fog {unknown}
 i - a scroll of noise {unknown}
 p - 2 scrolls of identify
Potions
 d - 2 potions of lignification {unknown}
 j - a potion of degeneration {unknown}
 k - 2 potions of curing
 m - a potion of berserk rage {unknown}
 n - a potion of haste {unknown}
 o - a potion of brilliance {unknown}
Books
 b - a book of Changes

   Spells                             Type                      Level
   a - Beastly Appendage              Transmutation                1
   b - Sticks to Snakes               Transmutation                2
   c - Spider Form                    Transmutation/Poison         3
   d - Ice Form                       Ice/Transmutation            4
   e - Blade Hands                    Transmutation                5
Comestibles
 c - 4 meat rations
 q - a slice of pizza


   Skills:
 - Level 1.0 Fighting
 - Level 2.6 Dodging
 + Level 5.7 Unarmed Combat
 - Level 2.0 Spellcasting
 - Level 2.1 Transmutations


You couldn't memorise any spells.
You knew the following spells:

 Your Spells              Type           Power        Failure   Level  Hunger
a - Beastly Appendage     Tmut           #.....       12%         1    ##.....
b - Sticks to Snakes      Tmut           #.......     17%         2    ###....
c - Spider Form           Tmut/Pois      #.........   47%         3    ####...


Dungeon Overview and Level Annotations

Branches:
Dungeon (3/15)

Altars:
Cheibriados
Uskayaw

Annotations:
D:3 Crazy Yiuf


Innate Abilities, Weirdness & Mutations

You cannot wear armour.
You are incapable of wielding weapons or throwing items.
Your paws allow you to move quietly. (Stealth)
You have sharp claws.
You have razor-sharp teeth.
You have supernaturally acute eyesight. (SInv)
You are carnivorous and can eat meat at any time.
You cover ground quickly.
You are covered in fur. (AC +1)
You have a slow metabolism.
Your sharp claws are effective at attacking unaware monsters.


Message History

Casting: Beastly Appendage
Confirm with . or Enter, or press ? or * to list all spells.
You create a snake!
You now have 48 arrows.
Something barely misses your ball python.
Something barely misses your ball python.
Crazy Yiuf cries, "Powder arga blue!"
Crazy Yiuf screams, "Liver hand return to song!"
Crazy Yiuf hits you with a quarterstaff of chaos.
Your ball python closely misses Crazy Yiuf.
Your ball python barely misses Crazy Yiuf.
Crazy Yiuf hits you with a quarterstaff of chaos!
Ouch! That really hurt!
* * * LOW HITPOINT WARNING * * *
Crazy Yiuf burns you.
You die...
Your shape twists and changes as you die.
You are now level 3!
Your horns disappear.
You rejoin the land of the living...
Are you sure you want to abandon this character and quit the game? (Confirm with "yes".)

...#
#######..>#.#.#
...# ###
#.....#.#...#.##
...# #.#
#####.#.#.#.....
#### #.#
#.#.#.#.#.#. #.#
#.#[#...#.#.
###'##
###'#.#####.#.
#....# #.....#
#.#.
#....######.....#
#.#.
#....#.@........#
#.#.
###'##..........#
#.#.
#.##......#'#.#
#.#.
#.#########.#.#
#.#.
#.............#
#.#.
###########.###
#.#. #.# #.#. #.#
#.#. #.# #.##


There were no monsters in sight!

Vanquished Creatures
  6 adders
  A worm (D:2)
  2 dart slugs (D:1)
  4 leopard geckos
  2 orcs (D:3)
  8 bats
  2 giant cockroaches (D:1)
  7 goblins
  5 hobgoblins
  2 jackals (D:2)
  2 quokkas (D:3)
  3 frilled lizards
  6 kobolds
  4 rats
54 creatures vanquished.

Vanquished Creatures (collateral kills)
  2 adders (D:3)
  A dart slug (D:2)
  A kobold (D:2)
4 creatures vanquished.

Grand Total: 58 creatures vanquished

Notes
Turn   | Place    | Note
-------+----------+-------------------------------------------
     0 | D:1      | Magifyre the Felid Transmuter began the quest for the Orb.
     0 | D:1      | Reached XP level 1. HP: 9/9 MP: 4/4
   449 | D:1      | Reached XP level 2. HP: 11/12 MP: 4/6
   620 | D:1      | Reached skill level 4 in Unarmed Combat
  1259 | D:2      | Learned a level 2 spell: Sticks to Snakes
  1276 | D:2      | Reached XP level 3. HP: 12/15 MP: 7/7
  1474 | D:2      | Noticed a dagger
  1474 | D:2      | Noticed a hand axe
  1477 | D:2      | Found a hide-covered altar of Uskayaw.
  1942 | D:2      | Found a snail-covered altar of Cheibriados.
  1999 | D:2      | Reached skill level 5 in Unarmed Combat
  1999 | D:2      | Reached XP level 4. HP: 19/19 MP: 6/8
  2517 | D:3      | Found a runed door.
  2747 | D:3      | Learned a level 3 spell: Spider Form
  3983 | D:3      | Noticed Crazy Yiuf
  3993 | D:3      | Slain by Crazy Yiuf
  3994 | D:3      | Reached XP level 3. HP: -3/15 MP: 6/7
  3994 | D:3      | Quit the game

Skill      XL: |  1  2  3 |
---------------+----------+-----
Unarmed Combat | 4 5 |  5.7
Fighting       | |  1.0
Dodging        | |  2.6
Spellcasting   | |  2.0
Transmutations | |  2.1

Action                   |  1- 3 |  4- 6 || total
-------------------------+-------+-------++-------
Melee: Unarmed           |    87 |    54 ||   141
       Bite              |     7 |     2 ||     9
       Headbutt          |     4 |     5 ||     9
       Punch             |     1 |       ||     1
 Cast: Beastly Appendage |     6 |     8 ||    14
       Sticks to Snakes  |    10 |     5 ||    15
  Use: Scroll            |       |     1 ||     1
 Stab: Sleeping          |     1 |     2 ||     3
  Eat: Chunk             |    10 |     5 ||    15
Armor: Skin              |     5 |     1 ||     6
Dodge: Dodged            |    85 |    38 ||   123
